| TOP OF THE 1ST |
|
Texas Rangers batting - Pitching for Milwaukee Brewers : LHP Gary Lucas
|
|
Pitching: LHP Gary Lucas
|
|
|
Batting: LHB Dallas Williams
|
0-0: Ball 1-0: Ball 2-0: Foul Ball, location: 2F 2-1: Ground out U3 (Groundball, 3L, EV 83.8 MPH)
|
|
Batting: RHB Kirby Puckett
|
0-0: Ball 1-0: Foul Ball, location: 2F 1-1: Ball 2-1: Bunted foul 2-2: SINGLE (Line Drive, 4D, EV 103.1 MPH)
|
|
Batting: RHB Steve Garvey
|
0-0: Called Strike 0-1: SINGLE (Groundball, 34D, EV 103.8 MPH) Kirby Puckett to second Runner from 2nd tries for 3rd, SAFE, no throw by RF
|
|
Batting: RHB Steve Balboni
|
0-0: Ball 1-0: Fly out, F9 (Flyball, 9D, EV 80.6 MPH) Runner from 3rd tags up, SCORES, throw by RF
|
|
Batting: LHB Jody Helser
|
0-0: SINGLE (Groundball, 4D, EV 109.4 MPH) Steve Garvey to second Runner from 2nd tries for 3rd, SAFE, throw by CF made to third
|
|
Batting: RHB Rich Dauer
|
0-0: Ball 1-0: Fly out, F3 (Popup, 3SF, EV 70.6 MPH)
|
| Top of the 1st over - 1 run, 3 hits, 0 errors, 2 left on base; Texas 1 - Milwaukee 0 |
| BOTTOM OF THE 1ST |
|
Milwaukee Brewers batting - Pitching for Texas Rangers : RHP Jeff Byrd
|
|
Pitching: RHP Jeff Byrd
|
|
|
Batting: LHB Von Hayes
|
0-0: Swinging Strike 0-1: SOLO HOME RUN (Flyball, 9D, EV 101.3 MPH), Distance : 382 ft
|
|
Batting: SHB Alfredo Griffin
|
0-0: Called Strike 0-1: Foul Ball, location: 2F 0-2: Foul Ball, location: 2F 0-2: Ball 1-2: Ground out 5-3 (Groundball, 56S, EV 83.8 MPH)
|
|
Batting: RHB Eric Davis
|
0-0: Called Strike 0-1: Foul Ball, location: 2F 0-2: Ball 1-2: Ground out 5-3 (Groundball, 56S, EV 85.6 MPH)
|
|
Batting: SHB Eddie Murray
|
0-0: Ball 1-0: Called Strike 1-1: Swinging Strike 1-2: Strikes out swinging
|
| Bottom of the 1st over - 1 run, 1 hit, 0 errors, 0 left on base; Texas 1 - Milwaukee 1 |
| TOP OF THE 2ND |
|
Texas Rangers batting - Pitching for Milwaukee Brewers : LHP Gary Lucas
|
|
Batting: RHB George Bjorkman
|
0-0: Ball 1-0: Called Strike 1-1: Foul Ball, location: 2F 1-2: Ground out 4-3 (Groundball, 4, EV 85.0 MPH)
|
|
Batting: RHB Juan Rodriguez
|
0-0: Foul Ball, location: 2F 0-1: Ball 1-1: Called Strike 1-2: Ball 2-2: SINGLE (Line Drive, 9S, EV 99.4 MPH)
|
|
Batting: RHB Juan Samuel
|
0-0: Ball 1-0: Called Strike 1-1: Ball 2-1: Called Strike Juan Rodriguez steals 2nd base 2-2: Strikes out looking
|
|
Batting: LHB Dallas Williams
|
0-0: Foul Ball, location: 2F 0-1: Ball 1-1: DOUBLE (Line Drive, 7LM, EV 113.1 MPH) Juan Rodriguez scores
|
|
Batting: RHB Kirby Puckett
|
0-0: Ball 1-0: Fly out, F7 (Line Drive, 7, EV 90.0 MPH)
|
| Top of the 2nd over - 1 run, 2 hits, 0 errors, 1 left on base; Texas 2 - Milwaukee 1 |
| BOTTOM OF THE 2ND |
|
Milwaukee Brewers batting - Pitching for Texas Rangers : RHP Jeff Byrd
|
|
Batting: RHB Mike Schmidt
|
0-0: Fly out, F7 (Flyball, 78S, EV 78.1 MPH)
|
|
Batting: RHB Ken Landreaux
|
0-0: Called Strike 0-1: Fly out, F2 (Popup, 23F, EV 76.3 MPH)
|
|
Batting: RHB Kevin Buckley
|
0-0: Ball 1-0: Ball 2-0: Ball 3-0: Base on Balls
|
|
Batting: RHB Glenn Davis
|
0-0: Called Strike 0-1: Ball 1-1: Called Strike 1-2: Strikes out swinging
|
| Bottom of the 2nd over - 0 runs, 0 hits, 0 errors, 1 left on base; Texas 2 - Milwaukee 1 |
| TOP OF THE 3RD |
|
Texas Rangers batting - Pitching for Milwaukee Brewers : LHP Gary Lucas
|
|
Batting: RHB Steve Garvey
|
0-0: Ball 1-0: Ball 2-0: Foul Ball, location: 2F 2-1: Foul Ball, location: 2F 2-2: Ground out 6-3 (Groundball, 6MD, EV 83.1 MPH)
|
|
Batting: RHB Steve Balboni
|
0-0: Ball 1-0: Ball 2-0: Foul Ball, location: 2F 2-1: Ball 3-1: Ground out 1-3 (Groundball, 15S, EV 62.5 MPH)
|
|
Batting: LHB Jody Helser
|
0-0: Swinging Strike 0-1: Reached via error on a dropped throw from 2B, E3 (Groundball, 4M, EV 90.0 MPH)
|
|
Batting: RHB Rich Dauer
|
0-0: Called Strike 0-1: Swinging Strike 0-2: Ball 1-2: Ground out 6-3 (Groundball, 56, EV 83.8 MPH)
|
| Top of the 3rd over - 0 runs, 0 hits, 1 error, 1 left on base; Texas 2 - Milwaukee 1 |
| BOTTOM OF THE 3RD |
|
Milwaukee Brewers batting - Pitching for Texas Rangers : RHP Jeff Byrd
|
|
Batting: RHB Pat Tabler
|
0-0: SINGLE (Groundball, 56D, EV 96.9 MPH)
|
|
Batting: LHB Von Hayes
|
0-0: Ball 1-0: Fly out, F9 (Flyball, 9, EV 90.6 MPH)
|
|
Batting: SHB Alfredo Griffin
|
0-0: Ground out 6-3 (Groundball, 6M, EV 97.5 MPH) Pat Tabler to second
|
|
Batting: RHB Eric Davis
|
0-0: Called Strike 0-1: Ball 1-1: Ball 2-1: Called Strike 2-2: Strikes out looking
|
| Bottom of the 3rd over - 0 runs, 1 hit, 0 errors, 1 left on base; Texas 2 - Milwaukee 1 |
| TOP OF THE 4TH |
|
Texas Rangers batting - Pitching for Milwaukee Brewers : LHP Gary Lucas
|
|
Batting: RHB George Bjorkman
|
0-0: Foul Ball, location: 2F 0-1: Foul Ball, location: 2F 0-2: Strikes out swinging
|
|
Batting: RHB Juan Rodriguez
|
0-0: SINGLE (Groundball, 56D, EV 95.0 MPH)
|
|
Batting: RHB Juan Samuel
|
0-0: Called Strike 0-1: 2-RUN HOME RUN (Flyball, 7D, EV 101.3 MPH), Distance : 394 ft
|
|
Batting: LHB Dallas Williams
|
0-0: Ball 1-0: Ball 2-0: Ball 3-0: Called Strike 3-1: Foul Ball, location: 2F 3-2: Foul Ball, location: 2F 3-2: DOUBLE (Line Drive, 78XD, EV 101.9 MPH)
|
|
Batting: RHB Kirby Puckett
|
0-0: Ball 1-0: Fly out, F8 (Flyball, 8RS, EV 91.9 MPH)
|
|
Batting: RHB Steve Garvey
|
0-0: Ball 1-0: Ground out 6-3 (Groundball, 6S, EV 68.8 MPH)
|
| Top of the 4th over - 2 runs, 3 hits, 0 errors, 1 left on base; Texas 4 - Milwaukee 1 |
| BOTTOM OF THE 4TH |
|
Milwaukee Brewers batting - Pitching for Texas Rangers : RHP Jeff Byrd
|
|
Batting: SHB Eddie Murray
|
0-0: Called Strike 0-1: Foul Ball, location: 2F 0-2: Strikes out swinging
|
|
Batting: RHB Mike Schmidt
|
0-0: Called Strike 0-1: Ball 1-1: Fly out, F8 (Line Drive, 8RD, EV 92.5 MPH)
|
|
Batting: RHB Ken Landreaux
|
0-0: Ball 1-0: Ball 2-0: Ball 3-0: Called Strike 3-1: Called Strike 3-2: SOLO HOME RUN (Flyball, 9D, EV 102.5 MPH), Distance : 375 ft
|
|
Batting: RHB Kevin Buckley
|
0-0: Called Strike 0-1: Foul Ball, location: 2F 0-2: Ball 1-2: Foul Ball, location: 2F 1-2: Strikes out looking
|
| Bottom of the 4th over - 1 run, 1 hit, 0 errors, 0 left on base; Texas 4 - Milwaukee 2 |
| TOP OF THE 5TH |
|
Texas Rangers batting - Pitching for Milwaukee Brewers : LHP Gary Lucas
|
|
Batting: RHB Steve Balboni
|
0-0: Foul Ball, location: 2F 0-1: Ball 1-1: Swinging Strike 1-2: Strikes out looking
|
|
Batting: LHB Jody Helser
|
0-0: Called Strike 0-1: Ball 1-1: Swinging Strike 1-2: Ball 2-2: Foul Ball, location: 2F 2-2: Strikes out swinging
|
|
Batting: RHB Rich Dauer
|
0-0: Swinging Strike 0-1: Ball 1-1: Fly out, F8 (Flyball, 8RS, EV 78.1 MPH)
|
| Top of the 5th over - 0 runs, 0 hits, 0 errors, 0 left on base; Texas 4 - Milwaukee 2 |
| BOTTOM OF THE 5TH |
|
Milwaukee Brewers batting - Pitching for Texas Rangers : RHP Jeff Byrd
|
|
Batting: RHB Glenn Davis
|
0-0: Swinging Strike 0-1: Called Strike 0-2: Ball 1-2: Strikes out swinging
|
|
Batting: RHB Pat Tabler
|
0-0: Ball 1-0: Ball 2-0: Ball 3-0: Base on Balls
|
|
Batting: LHB Von Hayes
|
0-0: Called Strike Pickoff Throw to First - Out! 1-3 0-1: Ground out 4-3 (Groundball, 4S, EV 84.4 MPH)
|
| Bottom of the 5th over - 0 runs, 0 hits, 0 errors, 0 left on base; Texas 4 - Milwaukee 2 |
| TOP OF THE 6TH |
|
Texas Rangers batting - Pitching for Milwaukee Brewers : LHP Gary Lucas
|
|
Batting: RHB George Bjorkman
|
0-0: Ball 1-0: Ball 2-0: Called Strike 2-1: Ground out 5-3 (Groundball, 5L, EV 100.0 MPH)
|
|
Batting: RHB Juan Rodriguez
|
0-0: Called Strike 0-1: Ball 1-1: Swinging Strike 1-2: Ball 2-2: SINGLE (Groundball, 3D, EV 100.0 MPH)
|
|
Batting: RHB Juan Samuel
|
0-0: Swinging Strike 0-1: Called Strike 0-2: SINGLE (Flyball, 3D, EV 92.5 MPH) Juan Rodriguez to second
|
|
Batting: LHB Dallas Williams
|
0-0: Grounds into double play, 6-4-3 (Groundball, 6, EV 103.1 MPH)
|
| Top of the 6th over - 0 runs, 2 hits, 0 errors, 1 left on base; Texas 4 - Milwaukee 2 |
| BOTTOM OF THE 6TH |
|
Milwaukee Brewers batting - Pitching for Texas Rangers : RHP Jeff Byrd
|
|
Batting: SHB Alfredo Griffin
|
0-0: Ground out 4-3 (Groundball, 34D, EV 103.8 MPH)
|
|
Batting: RHB Eric Davis
|
0-0: Called Strike 0-1: Foul Ball, location: 2F 0-2: Ball 1-2: Strikes out swinging
|
|
Batting: SHB Eddie Murray
|
0-0: Ball 1-0: Called Strike 1-1: Ball 2-1: Called Strike 2-2: Strikes out swinging
|
| Bottom of the 6th over - 0 runs, 0 hits, 0 errors, 0 left on base; Texas 4 - Milwaukee 2 |
| TOP OF THE 7TH |
|
Texas Rangers batting - Pitching for Milwaukee Brewers : LHP Gary Lucas
|
|
Batting: RHB Kirby Puckett
|
0-0: Foul Ball, location: 2F 0-1: Called Strike 0-2: Fly out, F4 (Flyball, 34D, EV 76.3 MPH)
|
|
Batting: RHB Steve Garvey
|
0-0: Ball 1-0: Swinging Strike 1-1: Foul Ball, location: 2F 1-2: Ball 2-2: Ground out 6-3 (Groundball, 6MD, EV 93.1 MPH)
|
|
Batting: RHB Steve Balboni
|
0-0: Ball 1-0: Ball 2-0: Called Strike 2-1: Foul Ball, location: 2F 2-2: Fly out, F6 (Popup, P, EV 86.9 MPH)
|
| Top of the 7th over - 0 runs, 0 hits, 0 errors, 0 left on base; Texas 4 - Milwaukee 2 |
| BOTTOM OF THE 7TH |
|
Milwaukee Brewers batting - Pitching for Texas Rangers : RHP Jeff Byrd
|
|
Batting: RHB Mike Schmidt
|
0-0: Ball 1-0: Called Strike 1-1: Ball 2-1: Ball 3-1: Foul Ball, location: 2F 3-2: Fly out, F9 (Flyball, 9D, EV 106.3 MPH)
|
|
Batting: RHB Ken Landreaux
|
0-0: Foul Ball, location: 2F 0-1: SINGLE (Line Drive, 89S, EV 111.9 MPH)
|
|
Batting: RHB Kevin Buckley
|
0-0: Called Strike Ken Landreaux steals 2nd base 0-1: Ball 1-1: Called Strike 1-2: Foul Ball, location: 2F 1-2: Fly out, F7 (Line Drive, 7, EV 88.8 MPH)
|
|
Batting: RHB Glenn Davis
|
0-0: SINGLE (Line Drive, 56, EV 96.3 MPH) Ken Landreaux to third Runner from 3rd tries for Home, SAFE, throw by LF to home
|
|
Pinch Hitting: RHB Steve Sax
|
0-0: Ball 1-0: Ball 2-0: Foul Ball, location: 2F 2-1: Ball 3-1: Base on Balls Glenn Davis to second
|
|
Batting: LHB Von Hayes
|
0-0: Called Strike 0-1: Called Strike 0-2: Fielders Choice at 2nd, 5-4 (Groundball, 56, EV 100.6 MPH)
|
| Bottom of the 7th over - 1 run, 2 hits, 0 errors, 2 left on base; Texas 4 - Milwaukee 3 |
| TOP OF THE 8TH |
|
Texas Rangers batting - Pitching for Milwaukee Brewers : LHP Gary Lucas
|
|
Now at 2B: Steve Sax
|
|
|
Batting: LHB Jody Helser
|
0-0: Swinging Strike 0-1: Ball 1-1: Ball 2-1: DOUBLE (Groundball, 3L, EV 104.4 MPH)
|
|
Batting: RHB Rich Dauer
|
0-0: Fly out, F8 (Line Drive, 8RD, EV 91.3 MPH)
|
|
Batting: RHB George Bjorkman
|
0-0: Ball 1-0: Ball 2-0: Called Strike 2-1: Swinging Strike 2-2: Foul Ball, location: 2F 2-2: Foul Ball, location: 2F 2-2: Ball 3-2: Strikes out swinging
|
|
Pitching: LHP Jordan Ortiz
|
|
|
Batting: RHB Juan Rodriguez
|
0-0: Ground out 5-3 (Groundball, 56, EV 84.4 MPH)
|
| Top of the 8th over - 0 runs, 1 hit, 0 errors, 1 left on base; Texas 4 - Milwaukee 3 |
| BOTTOM OF THE 8TH |
|
Milwaukee Brewers batting - Pitching for Texas Rangers : RHP Jeff Byrd
|
|
Batting: SHB Alfredo Griffin
|
0-0: Called Strike 0-1: Ball 1-1: Ball 2-1: Ball 3-1: Called Strike 3-2: Foul Ball, location: 2F 3-2: Ground out 6-3 (Groundball, 6M, EV 105.0 MPH)
|
|
Pitching: RHP John Sutton
|
|
|
Batting: RHB Eric Davis
|
0-0: Called Strike 0-1: Ground out 6-3 (Groundball, 6, EV 104.4 MPH)
|
|
Batting: SHB Eddie Murray
|
0-0: Foul Ball, location: 2F 0-1: SINGLE (Line Drive, 56, EV 96.3 MPH)
|
|
Batting: RHB Mike Schmidt
|
0-0: Ball 1-0: Called Strike 1-1: Ball 2-1: Called Strike 2-2: Strikes out swinging
|
| Bottom of the 8th over - 0 runs, 1 hit, 0 errors, 1 left on base; Texas 4 - Milwaukee 3 |
| TOP OF THE 9TH |
|
Texas Rangers batting - Pitching for Milwaukee Brewers : LHP Jordan Ortiz
|
|
Batting: RHB Juan Samuel
|
0-0: Ball 1-0: Called Strike 1-1: Foul Ball, location: 2F 1-2: Ground out 5-3 (Groundball, 56S, EV 85.0 MPH)
|
|
Batting: LHB Dallas Williams
|
0-0: Ball 1-0: Ball 2-0: Called Strike 2-1: Swinging Strike 2-2: Strikes out swinging
|
|
Batting: RHB Kirby Puckett
|
0-0: Foul Ball, location: 2F 0-1: Foul Ball, location: 2F 0-2: Foul Ball, location: 2F 0-2: Strikes out swinging
|
| Top of the 9th over - 0 runs, 0 hits, 0 errors, 0 left on base; Texas 4 - Milwaukee 3 |
| BOTTOM OF THE 9TH |
|
Milwaukee Brewers batting - Pitching for Texas Rangers : RHP John Sutton
|
|
Batting: RHB Ken Landreaux
|
0-0: Ball 1-0: Fly out, F9 (Flyball, 9LS, EV 82.5 MPH)
|
|
Pinch Hitting: LHB Denny Walling
|
0-0: Called Strike 0-1: Called Strike 0-2: Foul Ball, location: 2F 0-2: Ball 1-2: Hit by Pitch
|
|
Batting: RHB Glenn Davis
|
0-0: Called Strike 0-1: Fielders Choice at 2nd, 4-6 (Groundball, 34, EV 79.4 MPH)
|
|
Batting: RHB Steve Sax
|
0-0: Ball 1-0: Fly out, F9 (Flyball, 9, EV 90.6 MPH)
|
| Bottom of the 9th over - 0 runs, 0 hits, 0 errors, 1 left on base; Texas 4 - Milwaukee 3 |
|